cohdb
Replays
Latest Replays
All Replays
Popular Replays
Top Player Replays
Match Explorer
How It Works
Community
CoH3 Stats
Reddit
Sign in to upload your games and track your stats! →
Sign in with Steam
Match 37843296
Unlisted
Match 37843296
Overview
Messages
Build Orders
End
Royal Engineer Section
Construct Section Command Post
Infantry Section
Infantry Section
Dingo Light Scout Car
Construct Platoon Command Post
Humber Armored Car
Infantry Section
Selects Indian Artillery Battlegroup
Selects War Cry
Selects Gurkha Rifles Section
6-pounder Anti-tank Gun Team
Gurkha Rifles Section
STALKER4732
kit.ohume
Devochkin
CPU - Very Easy
A2O
Manu
0
0
Comments
sign in to comment!
No comments posted yet!